 Dungeon Crawl Stone Soup version 0.27-a0-1281-ge233d83751 (webtiles) character file.

Game seed: 964199635247337708

161631 freelancePsychic the Thaumaturge (level 18, -1/132 HPs)
             Began as a Djinni Warper on June 13, 2021.
             Was the Champion of Makhleb.
             Shot with an arrow by a naga sharpshooter (18 damage)
             ... on level 3 of the Snake Pit.
             The game lasted 01:23:20 (35554 turns).

freelancePsychic the Thaumaturge (Djinni Warper)   Turns: 35554, Time: 01:23:20

Health: -1/132     AC: 11    Str: 16    XL:     18   Next: 42%
Gold:   654        EV: 19    Int: 22    God:    Makhleb [******] SH:  5 Dex: 20

rFire    + + .     SeeInvis +   I - +7 lajatang (flame)
rCold    . . .     Faith    .   (shield currently unavailable)
rNeg     . . .     Spirit   .   F - +3 troll leather armour {Snorg}
rPois    ∞         Reflect  +   p - +0 helmet
rElec    +         Harm     .   x - +0 cloak
rCorr    +         Rampage  .   l - +0 pair of gloves
Will     +++..                  (boots unavailable)
Stlth    +.........             j - amulet of reflection
HPRegen  1.32/turn              S - ring of Tutureat {rPois Will++ rCorr Dex+6 SInv}
MPRegen  0.00/turn              d - ring "Yvusmaiso" {rElec rC+ Str+6}

@: spiked, flying
A: sickness immunity, fire resistance 2, cold vulnerability 1, float, innate
caster, hp casting, extra vitality 1
a: Renounce Religion, Minor Destruction, Lesser Servant of Makhleb, Major
Destruction, Greater Servant of Makhleb


You were on level 3 of the Snake Pit.
You worshipped Makhleb.
Makhleb was exalted by your worship.
You visited 5 branches of the dungeon, and saw 28 of its levels.
You also visited: Ice Cave.

You collected 2456 gold pieces.
You spent 1802 gold pieces at shops.

Inventory:

Hand Weapons
 I - a +7 lajatang of flaming (weapon)
Missiles
 b - 25 boomerangs
 e - 5 boomerangs of dispersal
 t - 3 throwing nets
 z - 2 curare-tipped darts
Armour
 l - a +0 pair of gloves (worn)
 p - a +0 helmet (worn)
 x - a +0 cloak (worn)
 F - a +3 troll leather armour (worn) {Snorg}
 W - the +18 shield of the Gong {rElec rN+ Will+ EV-5}
   (You found it in an ice cave)

   It affects your evasion (-5).
   It insulates you from electricity.
   It protects you from negative energy.
   It increases your willpower.
Magical Staves
 X - a staff of fire
Jewellery
 d - the ring "Yvusmaiso" (right hand) {rElec rC+ Str+6}
   (You acquired it on level 4 of the Dungeon)

   [ring of strength]

   It affects your strength (+6).
   It protects you from cold.
   It insulates you from electricity.
 j - an amulet of reflection (around neck)
 n - a ring of ice
 u - a +4 ring of evasion
 y - a ring of protection from cold
 B - a ring of protection from cold
 C - a ring of flight
 E - a ring of willpower
 M - a ring of fire
 S - the ring of Tutureat (left hand) {rPois Will++ rCorr Dex+6 SInv}
   (You found it on level 6 of the Lair of Beasts)

   [ring of dexterity]

   It affects your dexterity (+6).
   It protects you from poison.
   It lets you see invisible.
   It protects you from acid and corrosion.
   It greatly increases your willpower.
 V - a ring of ice
Wands
 f - a wand of paralysis (46)
 w - a wand of charming (12)
 A - a wand of flame (108)
 D - a wand of acid (23)
 J - a wand of digging (6)
 O - a wand of polymorph (40)
 U - a wand of mindburst (11)
Scrolls
 g - 3 scrolls of silence
 o - 2 scrolls of fog
 q - 10 scrolls of teleportation {@r4}
 s - a scroll of magic mapping
 G - 6 scrolls of fear
 L - 2 scrolls of blinking
 T - 3 scrolls of amnesia
 Y - a scroll of identify {@r1}
 Z - a scroll of vulnerability
Potions
 a - 3 potions of haste {@q3}
 c - 6 potions of heal wounds {@q2}
 h - 3 potions of might
 i - 8 potions of brilliance
 k - 4 potions of invisibility
 m - 11 potions of degeneration
 r - 2 potions of berserk rage
 v - 3 potions of cancellation
 H - 7 potions of curing {@q1}
 K - a potion of resistance
 N - 3 potions of magic
 P - 8 potions of ambrosia
 Q - 3 potions of mutation
 R - 2 potions of lignification


   Skills:
 + Level 13.1 Fighting
 - Level 8.8 Long Blades
 - Level 14.0 Staves
 - Level 0.7 Throwing
 - Level 3.4 Armour
 + Level 11.4 Dodging
 * Level 14.8 Spellcasting
 - Level 6.0 Invocations


You couldn't memorise any spells.
You knew the following spells:

 Your Spells              Type           Power      Damage    Failure   Level
a - Irradiate             Conj/Tmut      34%        3d25      1%          5
b - Monstrous Menagerie   Summ           34%        N/A       9%          7
c - Gell's Gravitas       Tloc           34%        N/A       1%          3
d - Olgreb's Toxic Radia  Pois           69%        N/A       1%          4
e - Manifold Assault      Tloc           69%        N/A       1%          5
f - Corona                Hex            76%        N/A       0%          1
g - Lesser Beckoning      Tloc           34%        N/A       1%          3
h - Conjure Ball Lightni  Conj/Air       34%        3x3d11    1%          6
i - Teleport Other        Tloc           69%        N/A       1%          3
j - Metabolic Englaciati  Hex/Ice        34%        N/A       1%          5
k - Blink                 Tloc           N/A        N/A       0%          2
l - Slow                  Hex            69%        N/A       0%          2
m - Searing Ray           Conj           100%       3d7       0%          2
Your spell library was empty.

Dungeon Overview and Level Annotations

Branches:
Dungeon (15/15)            Temple (1/1) D:6            Lair (6/6) D:8
  Swamp (0/4) Lair:2        Snake (4/4) Lair:2        Slime (0/5) Lair:6
    Orc (2/2) D:10            Elf (0/3) Orc:2        Vaults (0/5) D:13
 Depths (0/5) D:15          IceCv (visited)

Altars:
Ashenzari
Cheibriados
Dithmenos
Elyvilon
Fedhas
Gozag
Hepliaklqana
Kikubaaqudgha
Makhleb
Nemelex Xobeh
Okawaru
Qazlal
Ru
Sif Muna
Trog
Uskayaw
Vehumet
Wu Jian
Xom
Yredelemnul
Zin
The Shining One
Beogh
Jiyva

Shops:
D:1 !   D:3 :   D:4 ?   D:15 *   Orc:1 :   Orc:2 (=?=   Snake:1 :   Snake:2 *[(

Portals:
Trove: D:10 (give +3 shadow dragon scales)

Annotations:
D:3 Robin
D:15 2 transporters, AyAyRon's ghost, adept DsFi
Snake:1 1 transporter


Innate Abilities, Weirdness & Mutations

You are immune to sickness and miasma.
You are immune to poison.
Your flesh is very heat resistant. (rF++)
You are vulnerable to cold. (rC-)
You float through the air rather than walking.
You learn spells naturally, not from books.
Your magical power is your life essence.
You have superior vitality. (+4 HP)


Message History

The nagaraja spits poison at you. The splash of poison misses you.
The splash of poison hits the naga sharpshooter.
The naga sharpshooter is poisoned.
The naga sharpshooter unwields a +0 trident.
The naga sharpshooter wields a +0 arbalest.
The naga sharpshooter shoots a bolt.
The bolt hits you!! The nagaraja spits poison at you.
The splash of poison hits you but does no damage.
You resist.
The naga sharpshooter shoots an arrow.
The arrow closely misses you.
The arrow hits the nagaraja!
Your manticore flicks its tail.
The volley of spikes misses the naga sharpshooter.
The volley of spikes hits you!
The barbed spikes become lodged in your body.
Your manticore flicks its tail.
The volley of spikes misses the nagaraja.
The barbed spikes dig painfully into your body as you move.
You fly upwards.
Your summoned ally is left behind.
There is a stone staircase leading down here.
Casting: Monstrous Menagerie (dangerous; 9% risk of failure)
Confirm with . or Enter, or press ? or * to list all spells.
You summon a lindwurm!
The nagaraja gestures wildly while chanting.
The nagaraja seems to speed up.
The nagaraja hits you with a +0 flail! The nagaraja grabs you.
The nagaraja constricts you.
The naga sharpshooter casts a spell.
The naga sharpshooter magically shoots a bolt.
The bolt hits you!!
* * * LOW HITPOINT WARNING * * *
The naga sharpshooter shoots an arrow.
The arrow hits you!
* * * LOW HITPOINT WARNING * * *
Blink to where?
Press: ? - help, Dir - move target You escape the nagaraja's grasp.
As you read the scroll of blinking, it crumbles to dust.
The naga sharpshooter gestures wildly while chanting.
The naga sharpshooter magically shoots an arrow.
The arrow hits you!!
You die...

#......#.......#.###'.##.....
#...NNN##......#....###......
#...N...####.###.............
##...k.....###...............
#............................
##......................>.....
#..............########.......
#..............#......#.....##
#.....###'#..@.#......#.....#.
#.....#...#....##.....#.....#.
##.<..##..#.....#....##.....#+
##...#..##.....#.....#.....##
#....####......#....##.....#.
##..............#....##[....##
#.....:.........#.....#.))...#
#......(........#....'#.[.....
#...............#....#........


You could see a nagaraja (fast, catching breath), a naga sharpshooter (poisoned)
and a friendly lindwurm (summoned).

Vanquished Creatures
  Rupert (D:15)
  A quicksilver dragon (Snake:4)
  A blizzard demon (IceCv)
  Snorg (Orc:2)
  Josephine (D:14)
  Harold (D:9)
  A salamander tyrant (Snake:1)
  3 boulder beetles
  An ice dragon (Snake:3)
  12 hydras
  6 naga warriors
  4 vault guards
  3 centaur warriors (D:13)
  2 ogre magi (Orc:2)
  7 anacondas
  9 two-headed ogres
  3 death yaks (Lair:3)
  A tengu warrior (D:14)
  A vampire mage (D:15)
  Nergalle (Orc:2)
  2 shock serpents
  8 naga sharpshooters
  A skeletal warrior (D:15)
  A nameless horror (IceCv)
  Pikel (D:4)
  7 naga ritualists
  A necromancer (D:15)
  3 orc knights
  15 mana vipers
  A deep elf pyromancer (D:12)
  10 orc sorcerers
  6 manticores
  2 cyclopes
  3 ugly things (D:15)
  5 salamanders
  2 guardian serpents
  17 elephants
  16 naga magi
  2 ice statues (IceCv)
  38 black mambas
  A gargoyle (D:13)
  2 unseen horrors
  34 cane toads
  12 ice devils (IceCv)
  A spriggan zombie (D:15)
  3 rime drakes
  10 komodo dragons
  An efreet (D:15)
  A kobold demonologist (D:12)
  A freezing wraith (D:15)
  A yaktaur (D:15)
  9 trolls
  4 polar bears
  3 meliai (Lair:5)
  A hornet (D:9)
  A queen bee (Lair:5)
  A polar bear (shapeshifter) (D:13)
  4 tyrant leeches (Lair:6)
  Grinder (D:4)
  6 slime creatures
  19 blink frogs
  11 dream sheep
  2 centaur simulacra
  5 wraiths
  2 wyverns
  2 vampires
  A shadow (D:11)
  30 yaks
  2 chaos spawn (D:14)
  3 basilisks
  2 wargs
  14 vampire mosquitoes
  Grum (D:8)
  A human zombie (D:15)
  Edmund (D:4)
  23 nagas
  3 swamp worms (Lair:2)
  15 water moccasins
  A swamp drake (D:10)
  19 orc warriors
  4 sky beasts
  A hornet zombie (D:7)
  2 black bears
  18 wolves
  8 ogres
  13 centaurs
  2 kobold brigands
  3 lemures (D:4)
  2 phantoms
  17 bullfrogs
  2 scorpions (D:5)
  A water moccasin zombie (D:5)
  A wyvern zombie (D:6)
  A water moccasin skeleton (D:4)
  22 killer bees
  19 wights
  2 jellies
  4 electric eels
  4 howler monkeys
  A bullfrog zombie (D:5)
  2 centaur zombies
  3 hounds
  23 orc priests
  A centaur skeleton (D:6)
  Ijyb (D:5)
  4 iguanas
  37 orc wizards
  10 gnolls
  9 adders
  10 white imps
  7 ufetubi (IceCv)
  An adder skeleton (D:4)
  2 worms
  3 dart slugs (D:2)
  75 orcs
  9 ball pythons
  12 endoplasms
  2 giant cockroaches
  11 goblins
  6 hobgoblins
  3 jackals (D:1)
  15 kobolds
  4 quokkas
  9 bats
  A frilled lizard (D:2)
  6 rats
  A butterfly (Lair:6)
849 creatures vanquished.

Vanquished Creatures (collateral kills)
  A quicksilver dragon (Snake:4)
  A salamander tyrant (Snake:4)
  A salamander mystic (Snake:3)
  A naga ritualist (Snake:3)
  A mana viper (Snake:4)
  A salamander (Snake:3)
  A naga mage (Snake:3)
  An ice devil (IceCv)
  2 nagas
  2 ufetubi (IceCv)
  4 ball lightnings
16 creatures vanquished.

Vanquished Creatures (others)
  A white imp (IceCv)
  2 ufetubi (IceCv)
  112 ball lightnings
  A bush (Lair:6)
  53 fungi
  115 plants
284 creatures vanquished.

Grand Total: 1149 creatures vanquished

Notes
Turn   | Place    | Note
-------+----------+-------------------------------------------
     0 | D:1      | freelancePsychic the Djinni Warper began the quest for the
                  | Orb.
     0 | D:1      | Reached XP level 1. HP: 18/18 MP: 0/0
    92 | D:1      | Found Fepigouju's Distillery.
   461 | D:1      | Reached XP level 2. HP: 23/23 MP: 0/0
   780 | D:1      | Reached XP level 3. HP: 29/29 MP: 0/0
   780 | D:1      | Learned a level 1 spell: Corona
   795 | D:1      | Found a faded altar of an unknown god.
  1471 | D:2      | Reached XP level 4. HP: 20/34 MP: 0/0
  2444 | D:3      | Found Toenoxog's Book Shoppe.
  2486 | D:3      | Noticed Robin
  2924 | D:3      | Reached XP level 5. HP: 35/40 MP: 0/0
  2924 | D:3      | Learned a level 2 spell: Searing Ray
  3736 | D:4      | Found a bloodstained altar of Trog.
  3911 | D:4      | Noticed Edmund
  4033 | D:4      | Reached XP level 6. HP: 42/45 MP: 0/0
  4093 | D:4      | Found a large runed translucent door.
  4094 | D:4      | Found a large runed translucent door.
  4542 | D:4      | Noticed Grinder
  4551 | D:4      | Killed Grinder
  4552 | D:4      | Reached XP level 7. HP: 23/49 MP: 0/0
  4552 | D:4      | Learned a level 2 spell: Slow
  4722 | D:4      | Found Zapeolon's Magic Scroll Shop.
  4861 | D:4      | Noticed Pikel
  4886 | D:4      | Killed Pikel
  4887 | D:4      | Reached skill level 5 in Spellcasting
  4887 | D:4      | Reached XP level 8. HP: 4/55 MP: 0/0
  5456 | D:4      | Found a glowing golden altar of the Shining One.
  5493 | D:5      | Entered Level 5 of the Dungeon
  5948 | D:5      | Noticed Ijyb
  5950 | D:5      | You are sucked into a shaft and drop 2 floors!
  6537 | D:7      | Reached XP level 9. HP: 57/61 MP: 0/0
  6537 | D:7      | Learned a level 4 spell: Olgreb's Toxic Radiance
  7375 | D:7      | Found a broken altar of Ashenzari.
  7375 | D:7      | Found a faded altar of an unknown god.
  7383 | D:7      | Found a white marble altar of Elyvilon.
  7385 | D:7      | Found a faded altar of an unknown god.
  7469 | D:7      | Reached skill level 5 in Long Blades
  7812 | D:6      | Found a staircase to the Ecumenical Temple.
  7822 | Temple   | Entered the Ecumenical Temple
  7864 | Temple   | Became a worshipper of Makhleb the Destroyer
  8279 | D:6      | Reached skill level 5 in Fighting
  8895 | D:5      | Reached XP level 10. HP: 59/70 MP: 0/0
  9055 | D:5      | Reached skill level 5 in Dodging
  9727 | D:5      | Reached * piety under Makhleb
  9934 | D:5      | Found an opulent altar of Gozag.
 10010 | D:5      | Killed Ijyb
 11887 | D:8      | Noticed Grum
 11897 | D:8      | Killed Grum
 11978 | D:8      | Noticed a komodo dragon
 11997 | D:8      | Killed a komodo dragon
 12049 | D:8      | Found a staircase to the Lair.
 12394 | D:8      | Found a shimmering altar of Xom.
 12678 | D:9      | Noticed a two-headed ogre
 12697 | D:9      | Killed a two-headed ogre
 12698 | D:9      | Reached XP level 11. HP: 56/78 MP: 0/0
 12698 | D:9      | Learned a level 5 spell: Metabolic Englaciation
 12936 | D:9      | Found a stormy altar of Qazlal.
 13028 | D:9      | Reached ** piety under Makhleb
 13037 | D:10     | Entered Level 10 of the Dungeon
 13754 | D:9      | Noticed Harold
 14123 | D:10     | Noticed a two-headed ogre
 14138 | D:10     | Killed a two-headed ogre
 14384 | D:10     | Found a staircase to the Orcish Mines.
 14728 | D:10     | Reached *** piety under Makhleb
 15237 | D:10     | Noticed a vault guard
 15267 | D:10     | Killed a vault guard
 15296 | D:10     | Found a portal to a secret trove of treasure.
 15541 | Orc:1    | Entered Level 1 of the Orcish Mines
 15541 | Orc:1    | Found Lad Jal's Book Shop.
 15545 | Orc:1    | Noticed an orc knight
 15578 | Orc:1    | Noticed an orc sorcerer
 15607 | Orc:1    | Paralysed by an orc sorcerer for 4 turns
 15803 | D:11     | Noticed a boulder beetle
 15953 | Orc:1    | Killed an orc sorcerer
 15954 | Orc:1    | Reached XP level 12. HP: 63/89 MP: 0/0
 16081 | Orc:1    | Found a runed translucent door.
 16267 | Orc:1    | Reached skill level 10 in Dodging
 16363 | Orc:2    | Entered Level 2 of the Orcish Mines
 16376 | Orc:2    | Reached **** piety under Makhleb
 16601 | Orc:2    | Found a staircase to the Elven Halls.
 16721 | Orc:2    | Reached ***** piety under Makhleb
 16775 | Orc:2    | Reached skill level 10 in Fighting
 16844 | Orc:2    | Found Hasakk's Antique Weapon Emporium.
 16867 | Orc:2    | Noticed an ogre mage
 16882 | Orc:2    | Paralysed by something for 4 turns
 16889 | Orc:2    | Killed an ogre mage
 16925 | Orc:2    | Found Seokhun's Magic Scroll Shoppe.
 16950 | Orc:2    | Noticed Nergalle
 16962 | Orc:2    | Killed Nergalle
 17002 | Orc:2    | Paralysed by an orc sorcerer for 7 turns
 17048 | Orc:2    | Found Lapn's Jewellery Shoppe.
 17110 | Orc:2    | Noticed an ogre mage
 17116 | Orc:2    | Reached XP level 13. HP: 89/98 MP: 0/0
 17116 | Orc:2    | Learned a level 5 spell: Irradiate
 17118 | Orc:2    | Paralysed by something for 6 turns
 17124 | Orc:2    | Killed an ogre mage
 17197 | Orc:2    | Found Rair Lymotew's Jewellery Shoppe.
 17470 | Orc:1    | Noticed Snorg
 17470 | Orc:1    | Paralysed by an orc sorcerer for 7 turns
 17668 | D:9      | Killed Harold
 17840 | D:4      | Killed Edmund
 17849 | D:4      | Bought a scroll of acquirement for 624 gold pieces
 17849 | D:4      | Acquired the ring "Yvusmaiso" {rElec rC+ Str+6}
 18220 | Orc:1    | Reached skill level 10 in Spellcasting
 18576 | Orc:2    | Killed Snorg
 19349 | D:11     | Killed a boulder beetle
 19539 | Orc:2    | Bought a glowing lajatang for 558 gold pieces
 19749 | Lair:1   | Entered Level 1 of the Lair of Beasts
 19863 | Lair:1   | Reached skill level 1 in Staves
 20849 | Lair:2   | Found a staircase to the Snake Pit.
 20975 | Lair:2   | Noticed a five-headed hydra
 20983 | Lair:2   | Killed a five-headed hydra
 21065 | Lair:2   | Noticed a five-headed hydra
 21067 | Lair:2   | Found a staircase to the Swamp.
 21073 | Lair:2   | Killed a five-headed hydra
 21074 | Lair:2   | Reached skill level 5 in Staves
 21793 | Lair:3   | Reached XP level 14. HP: 106/106 MP: 0/0
 23325 | Lair:4   | Found a hide-covered altar of Uskayaw.
 23335 | Lair:4   | Found an ornate altar of the Wu Jian Council.
 23344 | Lair:4   | Reached skill level 10 in Staves
 23792 | Lair:5   | Reached ****** piety under Makhleb
 24168 | Lair:5   | Reached XP level 15. HP: 81/112 MP: 0/0
 24168 | Lair:5   | Learned a level 6 spell: Conjure Ball Lightning
 25221 | Lair:6   | Entered Level 6 of the Lair of Beasts
 25651 | Lair:6   | Found a viscous altar of Jiyva.
 25718 | Lair:6   | Found a staircase to the Slime Pits.
 26016 | Lair:6   | Identified the ring of Tutureat {rPois Will++ rCorr Dex+6
                  | SInv}
 26866 | D:11     | Reached XP level 16. HP: 114/120 MP: 0/0
 26965 | D:11     | Reached skill level 1 in Invocations
 27051 | D:11     | Found a glowing silver altar of Zin.
 27199 | D:12     | Identified the +0 ring mail of the Flute {Str+4 Stlth+}
 28227 | D:13     | Found a gate to the Vaults.
 28378 | D:13     | Identified the +1 plate armour of Omission {rPois rF-
                  | Regen+ rCorr Str+4}
 28768 | D:14     | Found a shimmering altar of Xom.
 28885 | D:14     | Found the +7 mace of Variability {chain chaos}
 28957 | D:14     | Reached skill level 5 in Invocations
 29057 | D:14     | Noticed Josephine
 29061 | D:14     | Killed Josephine
 29655 | D:15     | Entered Level 15 of the Dungeon
 29873 | D:15     | Noticed AyAyRon's ghost (adept DsFi)
 29907 | D:15     | Found a staircase to the Depths.
 29907 | D:15     | Found a transporter.
 29914 | D:15     | Found a transporter.
 30042 | D:15     | Noticed Rupert
 30051 | D:15     | Killed Rupert
 30052 | D:15     | Reached XP level 17. HP: 45/125 MP: 0/0
 30052 | D:15     | Learned a level 7 spell: Monstrous Menagerie
 30221 | D:15     | Found Opha's Changing Room.
 30294 | D:15     | Upgraded the game from 0.27-a0-1278-g6cbc8dfb29 to
                  | 0.27-a0-1281-ge233d83751
 30533 | Snake:1  | Entered Level 1 of the Snake Pit
 30909 | Snake:1  | Found a transporter.
 31178 | Snake:1  | Found a transporter.
 31454 | Snake:1  | Found a transporter.
 31455 | Snake:1  | Found a transporter.
 31474 | Snake:1  | Found a transporter.
 31488 | Snake:1  | Found Ymey's Book Shop.
 32093 | Snake:2  | Found Foushih's Weapon Emporium.
 32867 | Snake:2  | Found Launguy's Antique Armour Shoppe.
 32875 | Snake:2  | Found Oxaud's Assorted Antiques.
 32881 | Snake:2  | Bought a scroll of brand weapon for 620 gold pieces
 33435 | Snake:3  | Found a frozen archway.
 33446 | IceCv    | Entered an ice cave
 33796 | IceCv    | Reached XP level 18. HP: 42/131 MP: 0/0
 33907 | IceCv    | Found the +18 shield of the Gong {rElec rN+ Will+ EV-5}
 34929 | Snake:4  | Entered Level 4 of the Snake Pit
 35441 | Snake:4  | Noticed a quicksilver dragon
 35445 | Snake:4  | Noticed a quicksilver dragon
 35451 | Snake:4  | Killed a quicksilver dragon
 35454 | Snake:4  | Killed a quicksilver dragon
 35554 | Snake:3  | Shot with an arrow by a naga sharpshooter

Illustrated notes

Levels and vault maps discovered:
D:1:      elethiomel_arrival_maze, layout_rooms,
          hellmonk_ecumenical_altar_inner_sanctum, serial_shops,
          nicolae_shop_crystal, kennysheep_crisscross
D:2:      layout_basic, minmay_hexomino_f4
D:3:      layout_loops_ring, serial_shops, shop, uniq_robin
D:4:      layout_rooms, jmf_multi_god_temple2, trog_book, serial_shops,
          shop_statue, uniq_edmund, uniq_grinder, uniq_pikel
D:5:      layout_basic, lemuel_doored_altar, uniq_ijyb
D:6:      layout_basic, minmay_temple_entry_gardened_gates
D:7:      layout_basic, chequers_temple_overflow_minitemple,
          kennysheep_small_spiral
D:8:      layout_loops_ring, lemuel_round_altar, david_lair_shrubbed, uniq_grum
D:9:      layout_loops_ring, nicolae_qazlal_eye_of_the_storm, uniq_harold
D:10:     layout_small_grid, erik_orc_1, enter_trove_5, roderic_malta_cross
D:11:     layout_gridville, zin_scriptorium
D:12:     layout_irregular_city, grunt_ministairs_3
D:13:     layout_loops_ring, lightli_vaults_fourway_checkpoint
D:14:     hangedman_arrow_trap, layout_layer_cave,
          hangedman_abyss_or_decor_lesser_grid,
          minmay_guarded_unrand_variability, uniq_josephine
D:15:     gammafunk_depths_entry_grave, layout_cave_pools, minivault_11,
          gammafunk_ghost_hive, nicolae_transmutations_shop, uniq_rupert
Temple:   nicolae_temple_god_jail
Lair:1:   layout_loops_ring, fungi_pond_lemuel
Lair:2:   layout_cave_pods, palyth_hydra_swamp_entry, dummy_snake_entry
Lair:3:   layout_chaotic_city, wad_woods_river_01
Lair:4:   layout_cave_pods, nzn_masters_of_martial_movement, lemuel_fruit_tree,
          infiniplex_staircase_pool
Lair:5:   nzn_winding_woodlands_three_and_one
          [nzn_winding_woodlands_5x15_lazy_stream,
          nzn_winding_woodlands_5x15_longhouse,
          nzn_winding_woodlands_5x15_concentric,
          nzn_winding_woodlands_center_pierced_h], layout_long_grid,
          special_room [special_room_bee], serial_bayou, serial_bayou_pond_d,
          serial_bayou_pond_a, serial_bayou_pond_b, serial_bayou_crossing,
          chequers_serial_rivers_small_3, chequers_serial_rivers_large_b
Lair:6:   minmay_lair_end_frog_pond, layout_long_grid, slime_altar_1,
          lemuel_fruit_fields
Snake:1:  gammafunk_the_bubble [the_bubble_gammafunk_roulette], layout_chambers,
          serial_shops, shop, chequers_hall_statues_corner_a, drop_trap,
          st_stairs_2
Snake:2:  layout_chambers, serial_shops, nicolae_shop_crystal, st_stairs_7,
          minmay_shoptagon
Snake:3:  layout_cave_town, basic_altar, portal_ice_cave_entry_dragon
Snake:4:  hellmonk_snake_rune_quicksilver_temple, layout_cave_town,
          gammafunk_ghost_necromancy, minmay_shop_star
Orc:1:    layout_caves, serial_shops, shop, lightli_church_of_beogh, uniq_snorg
Orc:2:    kennysheep_orc_mage_school, layout_diamond_mine, basic_altar

Skill      XL: |  1  2  3  4  5  6  7  8  9 10 11 12 13 14 15 16 17 18 |
---------------+-------------------------------------------------------+-----
Long Blades    | 2 3 4 5 8 |  8.8
Spellcasting   | 3 4 5 6 7 8 9 10 11 13 14 | 14.8
Armour         | 2 3 |  3.4
Fighting       | 3 5 6 9 10 11 12 13 | 13.1
Dodging        | 4 7 9 10 11 | 11.4
Staves         | 6 11 12 13 14 | 14.0
Invocations    | 6 |  6.0
Throwing       | |  0.7

Action                   |  1- 3 |  4- 6 |  7- 9 | 10-12 | 13-15 | 16-18 || total
-------------------------+-------+-------+-------+-------+-------+-------++-------
Melee: Falchion          |    82 |    44 |       |       |       |       ||   126
       Short sword       |       |    76 |       |       |       |       ||    76
       Scimitar          |       |       |    18 |   170 |    23 |       ||   211
       Lajatang          |       |       |       |       |   736 |   887 ||  1623
 Cast: Corona            |     5 |     1 |       |       |       |       ||     6
       Searing Ray       |       |    25 |    46 |    55 |    14 |       ||   140
       Olgreb's Toxic Ra |       |       |     3 |   137 |    41 |     4 ||   185
       Gell's Gravitas   |       |       |     2 |     2 |       |       ||     4
       Metabolic Englaci |       |       |       |     8 |     3 |       ||    11
       Manifold Assault  |       |       |       |    19 |   364 |   445 ||   828
       Blink             |       |       |       |     1 |     2 |       ||     3
       Lesser Beckoning  |       |       |       |     1 |       |       ||     1
       Irradiate         |       |       |       |       |    25 |    10 ||    35
       Conjure Ball Ligh |       |       |       |       |     8 |    43 ||    51
       Monstrous Menager |       |       |       |       |       |    26 ||    26
Evoke: Wand              |       |       |     1 |     1 |       |     1 ||     3
  Use: Scroll            |       |     3 |     6 |     5 |    15 |    20 ||    49
       Potion            |       |       |     1 |     3 |       |     1 ||     5
 Stab: Sleeping          |       |       |       |     2 |       |     2 ||     4
       Distracted        |       |       |       |       |       |     1 ||     1
Armor: Leather armour    |    32 |    45 |       |       |       |       ||    77
       Ring mail         |       |     2 |    13 |       |       |       ||    15
       Robe              |       |       |    15 |    18 |       |       ||    33
       Troll leather arm |       |       |       |    40 |    69 |    60 ||   169
Dodge: Dodged            |    71 |    73 |    57 |   216 |   212 |   249 ||   878
Block: Other             |       |       |       |       |    45 |    56 ||   101
       Reflection        |       |       |       |       |       |     8 ||     8
       Rpst.: Falchion   |    24 |    11 |       |       |       |       ||    35
       Scimitar          |       |       |     6 |    53 |     7 |       ||    66

Table legend: (Time is in decaauts)
 A = Elapsed time spent in this place.
 B = Non-inter-level travel time spent in this place.
 C = Inter-level travel time spent in this place.
 D = Time resting spent in this place.
 E = Time spent auto-exploring this place.
 F = Levels seen in this place.
 G = Mean time per level.
                   A        B        C        D        E       F      G
               +--------+--------+--------+--------+--------+-----+--------+
         Total |  35369 |  32358 |   3011 |   3037 |  24266 |  29 | 1219.6 |
       Dungeon |  21167 |  19289 |   1878 |   2411 |  14409 |  15 | 1411.1 |
        Temple |     60 |     42 |     18 |      0 |     34 |   1 |   60.0 |
          Lair |   6811 |   6437 |    374 |    154 |   5354 |   6 | 1135.2 |
     Snake Pit |   4311 |   4144 |    167 |    268 |   3135 |   4 | 1077.8 |
  Orcish Mines |   2433 |   1861 |    572 |     79 |   1097 |   2 | 1216.5 |
      Ice Cave |    584 |    584 |      0 |    125 |    237 |   1 |  584.0 |
               +--------+--------+--------+--------+--------+-----+--------+

Top non-repeatable levels by time:
    D:10: 2750 daAuts
     D:7: 2617 daAuts
     D:8: 2127 daAuts
     D:5: 1904 daAuts
     D:4: 1753 daAuts
  Lair:5: 1718 daAuts
   Orc:2: 1706 daAuts
     D:2: 1696 daAuts
 Snake:1: 1532 daAuts
 Snake:2: 1246 daAuts
     D:6: 1191 daAuts
 Snake:3: 1144 daAuts
  Lair:2: 1120 daAuts
  Lair:6: 1073 daAuts
  Lair:3: 1072 daAuts
